 Dungeon Crawl Stone Soup version 0.31-b1-17-gcfd88c8481 (webtiles) character file.

Game seed: 17881046688485802575

210 groovy9 the Conjurer (level 5, -2/28 HPs)
             Began as a Deep Elf Conjurer on Jan 15, 2024.
             Slain by an ice beast (3 damage)
             ... on level 3 of the Dungeon.
             The game lasted 00:06:48 (2860 turns).

groovy9 the Conjurer (Deep Elf Conjurer)            Turns: 2860, Time: 00:06:49

Health: -2/28      AC:  2    Str:  3    XL:     5   Next: 56%
Magic:  5/13       EV: 13    Int: 24    God:
Gold:   167        SH:  0    Dex: 17    Spells: 3/14 levels left

rFire   . . .        j - +0 quarterstaff
rCold   . . .        (shield currently unavailable)
rNeg    + . .        p - +0 robe {Will+}
rPois   +            (no helmet)
rElec   .            (no cloak)
rCorr   .            (no gloves)
SInv    .            (no boots)
Will    +....        (no amulet)
Stlth   ++           o - ring of poison resistance
HPRegen 0.24/turn    q - ring of positive energy
MPRegen 0.13/turn

%: no passive effects
@: no status effects
A: agile 1, low MP 1, inability to drink after injury 1, persistent drain
a: no special abilities


You were on level 3 of the Dungeon.
You visited 1 branch of the dungeon, and saw 3 of its levels.

You collected 167 gold pieces.

Inventory:

Hand Weapons
 j - a +0 quarterstaff (weapon)
Armour
 p - a +0 robe of willpower (worn)
Jewellery
 o - a ring of poison resistance (left hand)
 q - a ring of positive energy (right hand)
Scrolls
 d - a scroll of torment {unknown}
 f - 2 scrolls of identify {unknown}
 h - a scroll of poison {unknown}
 i - a scroll of butterflies {unknown}
 k - 2 scrolls of teleportation {unknown}
 l - a scroll of fog {unknown}
 n - 2 scrolls of amnesia {unknown}
 r - 2 scrolls of enchant armour {unknown}
Potions
 b - a potion of magic
 c - a potion of berserk rage {unknown}
 e - a potion of invisibility {unknown}
 g - 2 potions of curing {unknown}
 m - a potion of lignification {unknown}


   Skills:
 - Level 2.4 Dodging
 - Level 2.4 Stealth
 + Level 5.1 Spellcasting
 * Level 6.7 Conjurations


You had 3 spell levels left.
You knew the following spells:

 Your Spells              Type           Power      Damage    Failure   Level
a - Magic Dart            Conj           100%       1d8       1%          1
b - Searing Ray           Conj           76%        2d7       1%          2
c - Fulminant Prism       Conj/Alch      11%        3d9       22%         4
d - Iskenderun's Mystic   Conj/Tloc      22%        2d6       22%         4

Your spell library contained the following spells:

 Spells                   Type           Power      Damage    Failure   Level
 Ensorcelled Hibernation  Hex/Ice        12%        N/A       13%         2
 Fugue of the Fallen      Necr           6%         N/A       26%         3
 Anguish                  Hex/Necr       3%         N/A       65%         4


Dungeon Overview and Level Annotations

Branches:
Dungeon (3/15)

Altars:

Shops:
D:3 =


Innate Abilities, Weirdness & Mutations

You are agile. (Dex +4, Str/Int -1)
Your magical capacity is low. (-10% MP)
You occasionally lose the ability to drink potions when taking damage.
Your health recovers twice as slowly from being drained.


Message History

Casting: Magic Dart (safe; 1% risk of failure)
Confirm with . or Enter, or press ? or * to list all spells.
Aiming: Searing Ray (safe; 1% risk of failure)
Press: ? - help, Shift-Dir - straight line, f/p - ice beast
Aim: an ice beast (lightly wounded, 82% to hit)
The searing ray misses the ice beast. (Press . to maintain the ray.)
The searing ray hits the ice beast.
The ice beast is lightly wounded.
The searing ray hits the ice beast.
The ice beast is moderately wounded.
The searing ray hits the ice beast but does no damage.
The ice beast is moderately wounded.
You finish channelling your searing ray.
The ice beast hits you. The ice beast freezes you!
Casting: Searing Ray (safe; 1% risk of failure)
Confirm with . or Enter, or press ? or * to list all spells.
Okay, then.
Okay, then.
Okay, then.
Casting: Searing Ray (safe; 1% risk of failure)
Confirm with . or Enter, or press ? or * to list all spells.
Aiming: Searing Ray (safe; 1% risk of failure)
Press: ? - help, Shift-Dir - straight line, f/p - ice beast
Aim: an ice beast (moderately wounded, 82% to hit)
The searing ray hits the ice beast.
The ice beast is heavily wounded. (Press . to maintain the ray.)
The ice beast completely misses you.
The searing ray hits the ice beast but does no damage.
The ice beast is heavily wounded.
The ice beast hits you. The ice beast freezes you!
* * * LOW HITPOINT WARNING * * *
Okay, then.
It was a potion of mutation.
You feel extremely strange.
You begin to recover more slowly from draining effects.
You occasionally lose the ability to drink potions when taking damage.
You feel less energetic.
You feel agile. The ice beast hits you.
You die...

#.)..# #. ####.## #.
#....## #. #.....# #.
#.....### #.#. #####...#
#.#. ##### ###.#
#######...
#.....###.#####........#
#.....Y@................
#.....###...###........#
#.... ###.# #........#
#... #.# #........† #..
#.###.......## ##
#..##.......#
##..#.......#
##..)#####.##
#>..........


You could see an ice beast.

Vanquished Creatures
  A bombardier beetle (D:3)
  2 orc priests (D:3)
  An iguana (D:3)
  3 adders
  A ribbon worm (D:2)
  2 dart slugs
  4 orcs (D:3)
  4 ball pythons
  3 bats (D:3)
  4 endoplasms
  5 giant cockroaches
  8 goblins
  7 hobgoblins
  3 quokkas
  5 frilled lizards
  4 kobolds (D:1)
  3 rats
60 creatures vanquished.

Notes
Turn   | Place    | Note
-------+----------+-------------------------------------------
     0 | D:1      | groovy9 the Deep Elf Conjurer began the quest for the Orb.
     0 | D:1      | Reached XP level 1. HP: 10/10 MP: 6/6
   253 | D:1      | Reached XP level 2. HP: 15/15 MP: 5/8
   256 | D:1      | Learned a level 2 spell: Searing Ray
   584 | D:1      | Reached skill level 5 in Conjurations
  1074 | D:2      | Reached XP level 3. HP: 19/19 MP: 6/10
  1938 | D:3      | Reached XP level 4. HP: 24/24 MP: 6/12
  1943 | D:3      | Learned a level 4 spell: Fulminant Prism
  1948 | D:3      | Learned a level 4 spell: Iskenderun's Mystic Blast
  2135 | D:3      | Reached skill level 6 in Conjurations
  2249 | D:3      | Reached XP level 5. HP: 28/28 MP: 9/14
  2256 | D:3      | Reached skill level 5 in Spellcasting
  2788 | D:3      | Found Vegigall's Jewellery Shop.
  2851 | D:3      | Noticed an ice beast
  2859 | D:3      | HP: 1/28 [ice beast (11)]
  2860 | D:3      | Gained mutation: Your health recovers twice as slowly from
                  | being drained. [potion of mutation]
  2860 | D:3      | Gained mutation: You occasionally lose the ability to drink
                  | potions when taking damage. [potion of mutation]
  2860 | D:3      | Gained mutation: Your magical capacity is low. (-10% MP)
                  | [potion of mutation]
  2860 | D:3      | Gained mutation: You are agile. (Dex +4, Str/Int -1)
                  | [potion of mutation]
  2860 | D:3      | Slain by an ice beast

Illustrated notes

Levels and vault maps discovered:
D:1:      dpeg_arrival_central, layout_basic, minmay_misc_feat_tower,
          wad_floor_pattern_1, serial_park_tiny_2, due_unseen_surprise
D:2:      layout_loops_ring
D:3:      layout_basic, serial_shops, nicolae_shop_crystal,
          minmay_pentomino_pile

Skill      XL: |  1  2  3  4  5 |
---------------+----------------+-----
Conjurations   | 5 6 |  6.7
Spellcasting   | 4 5 |  5.1
Dodging        | |  2.4
Stealth        | |  2.4

Action                     |  1- 3 |  4- 6 || total
---------------------------+-------+-------++-------
   Cast: Magic Dart        |    71 |    20 ||    91
         Searing Ray       |     5 |    14 ||    19
    Use: Potion            |       |     1 ||     1
 Armour: Robe              |     5 |     3 ||     8
  Dodge: Dodged            |     1 |     3 ||     4
